 Dungeon Crawl Stone Soup version 0.31-a0-44-g49d609d0da (webtiles) character file.

Game seed: 1156813531699719673

2341 pk666 the Thaumaturge (level 9, -1/45 HPs)
             Began as a Deep Elf Fire Elementalist on May 21, 2023.
             Was a Believer of Vehumet.
             Killed from afar by a white imp (13 damage)
             ... with a puff of frost
             ... on level 8 of the Dungeon.
             The game lasted 00:10:43 (7353 turns).

pk666 the Thaumaturge (Deep Elf Fire Elementalist)  Turns: 7353, Time: 00:10:43

Health: -1/45      AC:  6    Str:  9    XL:     9   Next: 20%
Magic:  4/23       EV: 16    Int: 25    God:    Vehumet [**....]
Gold:   324        SH:  0    Dex: 15    Spells: 18/25 levels left

rFire   + + .        z - staff of conjuration
rCold   . . .        (no shield)
rNeg    . . .        a - +0 robe
rPois   .            (no helmet)
rElec   .            n - +0 cloak
rCorr   .            F - +0 pair of gloves
SInv    .            u - +1 pair of boots
Will    .....        D - amulet of the Priest {Acrobat rF++ Str+4 Slay-6}
Stlth   ++           (no ring)
HPRegen 0.27/turn    (no ring)
MPRegen 0.18/turn

%: acrobat
@: no status effects
A: no striking features
a: Renounce Religion


You were on level 8 of the Dungeon.
You worshipped Vehumet.
Vehumet was pleased with you.
You visited 2 branches of the dungeon, and saw 10 of its levels.

You collected 324 gold pieces.

Inventory:

Hand Weapons
 v - a +1 dagger of venom
Missiles
 q - 2 throwing nets
Armour
 a - a +0 robe (worn)
 n - a +0 cloak (worn)
 u - a +1 pair of boots (worn)
 F - a +0 pair of gloves (worn)
Magical Staves
 z - a staff of conjuration (weapon)
Jewellery
 D - the amulet of the Priest (around neck) {Acrobat rF++ Str+4 Slay-6}
   (You found it on level 5 of the Dungeon)

   [amulet of the acrobat]

   It increases your evasion while moving and waiting.
   Str:       It affects your strength (+4).
   Slay:      It affects your accuracy & damage with ranged weapons and melee
   (-6).
   rF:        It greatly protects you from fire.
Wands
 b - a wand of flame (8)
 s - a wand of roots (11)
 t - a wand of charming (15)
 w - a wand of polymorph (7)
 A - a wand of mindburst (28)
 C - a wand of acid (4)
Scrolls
 c - 2 scrolls of silence {unknown}
 f - 3 scrolls of teleportation {unknown}
 g - 3 scrolls of enchant weapon {unknown}
 h - 3 scrolls of identify {unknown}
 j - a scroll of enchant armour {unknown}
 l - a scroll of fog {unknown}
 p - 2 scrolls of noise {unknown}
 y - 2 scrolls of brand weapon {unknown}
 B - a scroll of amnesia {unknown}
 G - a scroll of blinking {unknown}
Potions
 d - 2 potions of invisibility {unknown}
 e - 2 potions of mutation {unknown}
 i - a potion of ambrosia {unknown}
 k - 2 potions of attraction {unknown}
 m - 2 potions of curing
 o - a potion of brilliance {unknown}
 r - a potion of heal wounds {unknown}
 x - a potion of degeneration {unknown}
 E - 2 potions of flight {unknown}


   Skills:
 + Level 7.8 Dodging
 - Level 2.4 Stealth
 + Level 8.5 Spellcasting
 + Level 6.8 Conjurations
 + Level 7.5 Fire Magic


You had 18 spell levels left.
You knew the following spells:

 Your Spells              Type           Power      Damage    Failure   Level
a - Foxfire               Conj/Fire      100%       2x1d9     1%          1
b - Scorch                Fire           96%        2d9       1%          2
c - Flame Wave            Conj/Fire      63%        2d15      3%          4

Your spell library contained the following spells:

 Spells                   Type           Power      Damage    Failure   Level
 Magic Dart               Conj           100%       1d8       1%          1
 Momentum Strike          Conj/Tloc      82%        3d10      2%          2
 Inner Flame              Hex/Fire       29%        N/A       3%          3
 Volatile Blastmotes      Fire/Tloc      58%        2d14      3%          3
 Summon Small Mammal      Summ           40%        N/A       6%          1
 Blink                    Tloc           20%        N/A       9%          2
 Lesser Beckoning         Tloc           20%        N/A       9%          2
 Call Canine Familiar     Summ           10%        N/A       17%         3
 Gell's Gravitas          Tloc           10%        N/A       17%         3
 Summon Guardian Golem    Hex/Summ       10%        N/A       17%         3
 Teleport Other           Tloc           10%        N/A       17%         3


Dungeon Overview and Level Annotations

Branches:
Dungeon (9/15)             Temple (1/1) D:5            Lair (0/5) D:9
    Orc: D:9-12

Altars:
Cheibriados
Dithmenos
Elyvilon
Fedhas
Gozag
Hepliaklqana
Kikubaaqudgha
Makhleb
Nemelex Xobeh
Ru
Trog
Uskayaw
Vehumet
Xom
Yredelemnul
Zin
The Shining One

Annotations:
D:4 2 runed translucent doors
D:6 2 runed translucent doors


Message History

Confirm with . or Enter, or press ? or * to list all spells.
Casting: Flame Wave (dangerous; 3% risk of failure)
Press: ? - help, Dir - look around, f - activate You feel a surge of power!
A wave of flame ripples out!
The flame wave engulfs the kobold!
You kill the kobold!
Vehumet accepts your kill.
The flame wave engulfs the killer bee!
You kill the killer bee!
Vehumet accepts your kill. (Press . to intensify the flame waves.)
You feel very sick.
You hear an angry hiss.
An orc comes into view. It is wielding a +0 club.
A wave of flame ripples out!
You feel very sick.
You hear a shout!
A wave of flame ripples out!
The flame wave engulfs the orc!!
You kill the orc!
Vehumet accepts your kill.
You finish channelling waves of flame.
You feel very sick.
You hear a shout!
Found 6 gold pieces.
You feel sick.
You now have 324 gold pieces (gained 13).
Things that are here:
a +3 scimitar; a +0 robe You feel sick.
An orc comes into view. It is wielding a +0 whip.
Found a scroll labelled WARUSI OJOER.
You feel sick.
The orc throws a boomerang.
The boomerang misses you.
Items here: ( ) ? †.
You feel sick.
You feel sick.
You feel sick.
A white imp comes into view.
You feel better. The white imp gestures at you. The puff of frost hits you!
You die...

.$ .... .... ####
###..# # #..
.....#
#.##.###.###.....#
#......#.##...##.#
#...<@.o))#†...#
#.....###)>)#
#?..... ##.##
.....#..#. #)#
###........).#
.......5 .###
####.#... ..
#...... ..


You could see a white imp and an orc.

Vanquished Creatures
  Sigmund (D:6)
  A shadow (D:9)
  Edmund (D:5)
  An acid dragon (D:9)
  An ice beast (D:6)
  A sky beast (D:6)
  2 ogres
  A centaur (D:5)
  A phantom (D:6)
  A kobold brigand (D:8)
  A gnoll sergeant (D:6)
  3 wights (D:8)
  6 killer bees (D:8)
  A howler monkey (D:4)
  4 hounds
  An orc priest (D:6)
  2 jellies (D:6)
  Crazy Yiuf (D:3)
  2 gnoll boudas
  An orc wizard (D:4)
  Robin (D:3)
  10 adders
  15 gnolls
  3 shadow imps
  A white imp (D:6)
  2 worms
  A dart slug (D:4)
  20 orcs
  6 ball pythons
  4 endoplasms
  2 giant cockroaches (D:3)
  9 goblins
  13 hobgoblins
  6 jackals (D:2)
  2 quokkas (D:4)
  3 bats
  2 frilled lizards
  5 kobolds
  7 rats
145 creatures vanquished.

Vanquished Creatures (others)
  498 foxfires
498 creatures vanquished.

Grand Total: 643 creatures vanquished

Notes
Turn   | Place    | Note
-------+----------+-------------------------------------------
     0 | D:1      | pk666 the Deep Elf Fire Elementalist began the quest for
                  | the Orb.
     0 | D:1      | Reached XP level 1. HP: 10/10 MP: 6/6
   274 | D:1      | Reached XP level 2. HP: 15/15 MP: 6/8
   277 | D:1      | Learned a level 2 spell: Scorch
   945 | D:2      | Reached XP level 3. HP: 18/19 MP: 5/10
  1833 | D:3      | Reached XP level 4. HP: 24/24 MP: 8/11
  1881 | D:3      | Learned a level 4 spell: Flame Wave
  1915 | D:3      | Noticed Robin
  2003 | D:3      | Reached skill level 4 in Spellcasting
  2728 | D:3      | Killed Robin
  2881 | D:3      | Found a runed translucent door.
  2882 | D:3      | Noticed Crazy Yiuf
  3200 | D:3      | Killed Crazy Yiuf
  3201 | D:3      | Reached XP level 5. HP: 28/28 MP: 4/13
  3472 | D:4      | Noticed an ogre
  3489 | D:4      | Killed an ogre
  3490 | D:4      | Reached XP level 6. HP: 32/32 MP: 8/15
  3518 | D:4      | Reached skill level 5 in Spellcasting
  3669 | D:4      | Found a large runed translucent door.
  3997 | D:4      | Found a large runed translucent door.
  4115 | D:4      | Found a white marble altar of Elyvilon.
  4222 | D:5      | Entered Level 5 of the Dungeon
  4348 | D:5      | Reached skill level 5 in Fire Magic
  4492 | D:5      | Identified the amulet of the Priest {Acrobat rF++ Str+4
                  | Slay-6}
  4572 | D:5      | Found a staircase to the Ecumenical Temple.
  4581 | Temple   | Entered the Ecumenical Temple
  4642 | Temple   | Became a worshipper of Vehumet
  4726 | D:5      | Noticed an orc warrior
  4988 | D:5      | Noticed Edmund
  4999 | D:5      | Killed Edmund
  5000 | D:5      | Reached skill level 5 in Dodging
  5000 | D:5      | Reached XP level 7. HP: 6/36 MP: 6/17
  5234 | D:5      | Reached skill level 6 in Spellcasting
  5940 | D:6      | Found a runed translucent door.
  5942 | D:6      | Found a runed translucent door.
  6138 | D:6      | Found a hide-covered altar of Uskayaw.
  6195 | D:6      | Noticed Sigmund
  6210 | D:6      | Killed Sigmund
  6211 | D:6      | Reached skill level 5 in Conjurations
  6211 | D:6      | Reached XP level 8. HP: 41/41 MP: 9/20
  6225 | D:6      | Reached skill level 7 in Spellcasting
  6366 | D:6      | Reached * piety under Vehumet
  6366 | D:6      | Offered knowledge of Kiss of Death by Vehumet.
  7000 | D:6      | Found an ancient bone altar of Kikubaaqudgha.
  7108 | D:7      | You fall into a shaft and drop 2 floors!
  7174 | D:9      | Reached skill level 8 in Spellcasting
  7182 | D:9      | Found a staircase to the Lair.
  7336 | D:8      | Reached XP level 9. HP: 30/45 MP: 17/23
  7339 | D:8      | Reached ** piety under Vehumet
  7339 | D:8      | Offered knowledge of Magic Dart by Vehumet.
  7353 | D:8      | Killed from afar by a white imp

Illustrated notes

Levels and vault maps discovered:
D:1:      dpeg_arrival_rooms_with_view, layout_rooms, hangedman_decor_slide_cut
D:2:      layout_rooms, kennysheep_generic_room_10
D:3:      layout_loops_ring, wander_ebering_terrifying_dragon_lair,
          uniq_crazy_yiuf_cottage, uniq_robin
D:4:      layout_rooms, general_overflow_altar, jmf_multi_god_temple2
D:5:      layout_loops_corners, minmay_temple_entry_antechambers, uniq_edmund
D:6:      lemuel_insect_pit, layout_cave_pods,
          nicolae_wu_jian_immortal_techniques, kennysheep_mini,
          old_standard_altar, uniq_sigmund
D:7:      minmay_skewed_foursquare, layout_loops_ring, minmay_checkerbox
D:8:      layout_loops_ring, mainiacjoe_overflow_brackets, serial_shops,
          shop_statue, nicolae_shop_firing_range
D:9:      layout_cave_pools, grunt_qazlal_sundering, lair_entry_dummy,
          gammafunk_ghost_arena, serial_rivers, chequers_serial_rivers_small_a,
          chequers_serial_rivers_large_b, chequers_serial_rivers_small_b,
          chequers_serial_rivers_micro_b, chequers_serial_rivers_micro_d,
          uniq_prince_ribbit1
Temple:   compressed_dpeg_circular_temple

Skill      XL: |  1  2  3  4  5  6  7  8 |
---------------+-------------------------+-----
Dodging        | 3 4 5 6 7 |  7.8
Conjurations   | 2 3 4 5 6 |  6.8
Fire Magic     | 4 5 6 7 |  7.5
Spellcasting   | 4 5 6 8 |  8.5
Stealth        | |  2.4

Action                     |  1- 3 |  4- 6 |  7- 9 || total
---------------------------+-------+-------+-------++-------
  Melee: Staff             |       |     2 |       ||     2
   Cast: Foxfire           |   105 |   132 |    61 ||   298
         Scorch            |       |    23 |    49 ||    72
         Flame Wave        |       |       |     4 ||     4
    Use: Potion            |       |       |     3 ||     3
 Armour: Robe              |     2 |     4 |     5 ||    11
  Dodge: Dodged            |     7 |    26 |    25 ||    58

Table legend: (Time is in decaauts)
 A = Elapsed time spent in this place.
 B = Non-inter-level travel time spent in this place.
 C = Inter-level travel time spent in this place.
 D = Time resting spent in this place.
 E = Time spent auto-exploring this place.
 F = Levels seen in this place.
 G = Mean time per level.
                   A        B        C        D        E       F      G
               +--------+--------+--------+--------+--------+-----+--------+
         Total |   7350 |   7154 |    196 |   1032 |   4964 |  10 |  735.0 |
       Dungeon |   7232 |   7044 |    188 |   1032 |   4871 |   9 |  803.6 |
        Temple |    117 |    109 |      8 |      0 |     93 |   1 |  117.0 |
               +--------+--------+--------+--------+--------+-----+--------+

Top non-repeatable levels by time:
     D:3: 1498 daAuts
     D:5: 1467 daAuts
     D:6: 1277 daAuts
     D:2: 1017 daAuts
     D:4: 899 daAuts
     D:1: 804 daAuts
     D:9: 223 daAuts
  Temple: 117 daAuts
     D:7: 22 daAuts
     D:8: 20 daAuts
